 Dungeon Crawl Stone Soup version 0.25.1-2-g60ff931df9 (webtiles) character file.

Game seed: 10959487222461118835

291 Impeuri the Covert (level 6, -3/35 HPs)
             Began as a Vampire Assassin on Aug 20, 2020.
             Slain by an ooze (5 damage)
             ... on level 4 of the Dungeon.
             The game lasted 00:08:03 (2872 turns).

Impeuri the Covert (Vampire Assassin)               Turns: 2872, Time: 00:08:04

Health: -3/35      AC:  0    Str:  7 (10) XL:     6   Next: 10%
Magic:  4/6        EV: 18    Int: 10 (13) God:
Gold:   204        SH:  0    Dex: 20 (23) Spells: 5/5 levels left

rFire    . . .     SeeInvis +   (weapon currently unavailable)
rCold    + + .     Gourm    .   (shield currently unavailable)
rNeg     + + +     Faith    .   (armour currently unavailable)
rPois    ∞         Spirit   .   (helmet currently unavailable)
rElec    .         Reflect  .   (cloak currently unavailable)
rCorr    .         Harm     .   (gloves currently unavailable)
MR       .....                  (boots currently unavailable)
Stlth    ++++++....             (no amulet)
HPRegen  0.00/turn              (ring currently unavailable)
MPRegen  0.10/turn              (ring currently unavailable)

@: bat-form, flying, bloodless, very quick
A: tiny, no food, fangs 3, see invisible
a: Revivify, End Transformation


You were on level 4 of the Dungeon.
You were bloodless.
You were in vampire-bat-form.
You visited 1 branch of the dungeon, and saw 4 of its levels.

You collected 204 gold pieces.

Inventory:

Hand Weapons
 a - a +2 dagger (melded)
Missiles
 d - 2 poisoned darts (quivered)
 e - 2 curare-tipped darts
Armour
 b - a +0 robe (melded)
 c - a +0 cloak (melded)
Jewellery
 i - an uncursed ring of ice
Wands
 n - a wand of enslavement (14)
 o - a wand of acid (8)
Scrolls
 f - 5 scrolls of identify {unknown}
 h - a scroll of immolation {unknown}
 j - 2 scrolls of teleportation {unknown}
 l - 2 scrolls of remove curse {unknown}
 m - a scroll of magic mapping {unknown}
Potions
 g - a potion of resistance {unknown}
 k - a potion of flight {unknown}
 p - a potion of mutation {unknown}
 q - a potion of curing {unknown}


   Skills:
 - Level 1.7 Fighting
 + Level 4.4 Short Blades
 + Level 3.2 Throwing
 - Level 1.1 Dodging
 + Level 8.1 Stealth


You had 5 spell levels left.
You didn't know any spells.
Your spell library was empty.

Dungeon Overview and Level Annotations

Branches:
Dungeon (4/15)
 Temple: D:4-7

Altars:


Innate Abilities, Weirdness & Mutations

You do not eat.
You do not regenerate when monsters are visible.
You are frail without blood (-20% HP).
You can heal yourself when you bite living creatures.
You are immune to poison.
You have razor-sharp teeth.
You have supernaturally acute eyesight. (SInv)
((You can survive without breathing.))


Message History

a +0 dagger x2; a +0 robe; an orc corpse
Found a sedimented brown potion.
Evoke which item? (* to show all) (? for menu, Esc to quit)
Aiming: Corrosive Bolt
Press: ? - help, Shift-Dir - straight line, f - you That beam is likely to hit you.
Continue anyway?
Okay, then.
Evoke which item? (* to show all) (? for menu, Esc to quit)
Aiming: Corrosive Bolt
Press: ? - help, Shift-Dir - straight line, f - ooze
Aim: an ooze (heavily wounded)
Okay, then.
Press: ? - help, v - describe, . - travel
Here: an ooze (heavily wounded)
The floor.
You turn into a vampire bat.
Your +2 dagger melds into your body.
Your +0 cloak melds into your body.
Your +0 robe melds into your body.
You feel weakened.
You feel dopey.
You feel clumsy. The ooze hits you.
You die...

.# ### .# #.. .!
#.# .# # #.# .#
#########.# .#
.......)..#######.#
.....###(()....Jb.#
#.......#(#########
.........)....#
#..................
#.........###.)....
#.......#.# ######
#.......#...
#.......####
#########


You could see an ooze.

Vanquished Creatures
  A scorpion (D:3)
  An orc priest (D:4)
  A bullfrog skeleton (D:4)
  2 orc wizards (D:4)
  6 adders
  An ooze (D:4)
  5 worms
  3 leopard geckos (D:2)
  6 orcs
  2 bats
  2 giant cockroaches (D:2)
  4 goblins
  7 hobgoblins
  4 jackals (D:3)
  A quokka (D:3)
  2 ball pythons
  4 frilled lizards
  3 kobolds
  4 rats
59 creatures vanquished.

Notes
Turn   | Place    | Note
-------+----------+-------------------------------------------
     0 | D:1      | Impeuri the Vampire Assassin began the quest for the Orb.
     0 | D:1      | Reached XP level 1. HP: 16/16 MP: 1/1
   127 | D:1      | Reached skill level 6 in Stealth
   366 | D:2      | Reached XP level 2. HP: 17/17 MP: 2/2
   473 | D:2      | Reached XP level 3. HP: 2/24 MP: 3/3
  1185 | D:2      | Reached XP level 4. HP: 23/23 MP: 4/4
  1254 | D:2      | Reached skill level 7 in Stealth
  1621 | D:3      | Reached XP level 5. HP: 26/26 MP: 5/5
  2848 | D:4      | Reached skill level 8 in Stealth
  2859 | D:4      | Reached XP level 6. HP: 10/35 MP: 6/6
  2872 | D:4      | Slain by an ooze

Illustrated notes

Levels and vault maps discovered:
D:1:      lemuel_arrival_rhombus, layout_rooms
D:2:      layout_basic, minmay_crystal_room
D:3:      layout_basic
D:4:      layout_loops_ring

Skill      XL: |  1  2  3  4  5 |
---------------+----------------+-----
Stealth        | 6 7 8 |  8.1
Throwing       | 2 3 |  3.2
Short Blades   | 3 4 |  4.4
Fighting       | |  1.7
Dodging        | |  1.1

Action                   |  1- 3 |  4- 6 || total
-------------------------+-------+-------++-------
Melee: Dagger            |    79 |   109 ||   188
       Bite              |     3 |     7 ||    10
Throw: Dart              |     2 |    17 ||    19
 Abil: Exsanguinate      |     2 |       ||     2
       Revivify          |     2 |     1 ||     3
       Bat Form          |       |     2 ||     2
       End Transformatio |       |     1 ||     1
 Stab: Sleeping          |    10 |    14 ||    24
Armor: Robe              |     8 |    14 ||    22
Dodge: Dodged            |    43 |    48 ||    91
